 Dungeon Crawl Stone Soup version 0.26-a0-466-g989023bd0d (webtiles) character file.

Game seed: 14137244346039184254

590431 vurker the Conqueror (level 26, -24/266 HPs)
             Began as a Minotaur Monk on Aug 12, 2020.
             Was the Champion of Fedhas.
             Killed from afar by a shadow dragon (36 damage)
             ... with a bolt of negative energy
             ... on level 5 of the Realm of Zot.
             The game lasted 01:36:20 (75666 turns).

vurker the Conqueror (Minotaur Monk)               Turns: 75666, Time: 01:36:21

Health: -24/266    AC: 44    Str: 30    XL:     26   Next: 19%
Magic:  44/44      EV: 17    Int: 13    God:    Fedhas [******]
Gold:   6864       SH: 35    Dex: 15    Spells: 25/25 levels left

rFire    + + +     SeeInvis +   b - +9 broad axe (elec)
rCold    + . .     Faith    .   t - +4 tower shield
rNeg     . . .     Spirit   .   C - +9 scales of the Dragon King {rPois rF+ rC+ MR+}
rPois    +         Reflect  +   I - +2 hat {SInv}
rElec    +         Harm     .   z - +1 cloak of Exclusion {rElec Str+2 Dex-3 Slay+3}
rCorr    .                      N - +2 pair of gloves {Str+3}
MR       ++++.                  Y - +2 pair of boots
Stlth    ..........             m - amulet of reflection
HPRegen  0.54/turn              c - ring of Dithmenos's Reproof {rF++ MR+ Int+6 Dex+2}
MPRegen  0.29/turn              e - ring "Keicvusk" {+Inv +Fly MR+ MP+9}

@: drained
A: retaliatory headbutt, horns 2
}: 3/15 runes: decaying, serpentine, silver
a: Wall of Briars, Grow Ballistomycete, Overgrow, Grow Oklob, Renounce Religion,
Evoke Invisibility, Evoke Flight


You were on level 5 of the Realm of Zot.
You worshipped Fedhas.
Fedhas was exalted by your worship.
You visited 9 branches of the dungeon, and saw 49 of its levels.
You visited the Abyss 1 time.
You visited 1 bazaar.
You also visited: Trove and Ice Cave.

You collected 10464 gold pieces.
You spent 3600 gold pieces at shops.

Inventory:

Hand Weapons
 a - the +7 broad axe "Toitrag" {vorpal, MR+}
   (You bought it in a shop in a bazaar)

   It inflicts extra damage upon your enemies.
   It affects your resistance to hostile enchantments.
 b - a +9 broad axe of electrocution (weapon)
   (You took it off a yellow draconian on level 1 of the Realm of Zot)
Missiles
 K - 4 throwing nets (quivered)
Armour
 q - the cursed +0 robe of the Sun {Str+2, unknown}
   (You found it on level 4 of the Realm of Zot)

   It affects your strength (+2).
   It has a curse placed upon it.
 t - a +4 tower shield (worn)
   (You took it off a daeva on level 2 of the Depths)
 z - the +1 cloak of Exclusion (worn) {rElec Str+2 Dex-3 Slay+3}
   (You bought it in a shop on level 8 of the Dungeon)

   It affects your strength (+2).
   It affects your dexterity (-3).
   It affects your accuracy and damage with ranged weapons and melee attacks
   (+3).
   It insulates you from electricity.
 C - the +9 scales of the Dragon King (worn) {rPois rF+ rC+ MR+}
   (You acquired it on level 5 of the Vaults)

   It protects you from fire.
   It protects you from cold.
   It protects you from poison.
   It affects your resistance to hostile enchantments.
 I - a +2 hat of see invisible (worn)
   (You found it in an ice cave)
 N - a +2 pair of gloves of strength (worn)
   (You found it on level 5 of the Vaults)
 Y - a +2 pair of boots (worn)
   (You found it on level 1 of the Vaults)
Jewellery
 c - the ring of Dithmenos's Reproof (left hand) {rF++ MR+ Int+6 Dex+2}
   (You took it off a tengu reaver on level 5 of the Vaults)

   [ring of intelligence]

   It affects your intelligence (+6).
   It affects your dexterity (+2).
   It greatly protects you from fire.
   It affects your resistance to hostile enchantments.
 e - the ring "Keicvusk" (right hand) {+Inv +Fly MR+ MP+9}
   (You found it on level 15 of the Dungeon)

   [ring of flight]

   It affects your resistance to hostile enchantments.
   It affects your magic capacity (+9).
   It lets you turn invisible.
   It lets you fly.
 i - the ring of Shadows {Umbra +Inv Stlth+}
   (You found it in a treasure trove)

   [ring of stealth]

   It lets you turn invisible.
   It makes you more stealthy.
 m - an amulet of reflection (around neck)
   (You found it on level 2 of the Dungeon)
 R - an uncursed ring of positive energy
   (You found it on level 1 of the Vaults)
 U - an uncursed ring of see invisible
   (You found it on level 3 of the Elven Halls)
 Z - an uncursed ring of resist corrosion
   (You found it on level 1 of the Elven Halls)
Wands
 d - a wand of iceblast (64)
   (You took it off Ijyb on level 5 of the Dungeon)
 k - a wand of clouds (19)
   (You took it off a centaur on level 7 of the Dungeon)
 u - a wand of paralysis (22)
   (You took it off an orc warrior on level 3 of the Vaults)
 v - a wand of digging (12)
   (You found it on level 9 of the Dungeon)
 x - a wand of acid (53)
   (You found it on level 7 of the Dungeon)
Scrolls
 j - 18 scrolls of remove curse
 l - 6 scrolls of magic mapping
 n - 2 scrolls of enchant weapon
 p - 9 scrolls of immolation
 r - 11 scrolls of identify
 w - 5 scrolls of blinking
 y - 8 scrolls of fog
 A - 7 scrolls of fear
 E - 4 scrolls of vulnerability
 M - 27 scrolls of teleportation
 Q - 2 scrolls of summoning
 V - 3 scrolls of silence
Potions
 f - 8 potions of might
 g - 5 potions of resistance
 h - 2 potions of magic
 o - 7 potions of lignification
 s - 19 potions of curing
 B - 15 potions of flight
 F - 5 potions of cancellation
 G - 9 potions of heal wounds
 H - 6 potions of mutation
 L - 8 potions of haste
 P - 2 potions of invisibility
 T - 3 potions of ambrosia


   Skills:
 O Level 27(25.8) Fighting
 + Level 21.7(20.7) Axes
 + Level 20.5(19.5) Armour
 + Level 19.9(19.0) Dodging
 - Level 1.5(0.9) Stealth
 - Level 25.0(23.9) Shields
 + Level 18.9(18.0) Invocations


You had 25 spell levels left.
You didn't know any spells.
Your spell library contained the following spells:

 Spells                   Type           Power        Failure   Level
 Animate Skeleton         Necr           #.....       98%         1
 Apportation              Tloc           #.....       98%         1
 Beastly Appendage        Tmut           #.....       98%         1
 Corona                   Hex            #......      98%         1
 Foxfire                  Conj/Fire      #...         98%         1
 Freeze                   Ice            #...         98%         1
 Pain                     Necr           #...         98%         1
 Summon Small Mammal      Summ           #...         98%         1
 Call Imp                 Summ           #.......     99%         2
 Passwall                 Tmut/Erth      #.......     99%         2
 Poisonous Vapours        Pois/Air       #.....       99%         2
 Slow                     Hex            #.......     99%         2
 Sublimation of Blood     Necr           #.........   99%         2
 Swiftness                Air            #.......     99%         2
 Call Canine Familiar     Summ           #.......     100%        3
 Confusing Touch          Hex            #.......     100%        3
 Conjure Flame            Conj/Fire      #.......     100%        3
 Frozen Ramparts          Ice            #.....       100%        3
 Gell's Gravitas          Tloc           #.........   100%        3
 Ignite Poison            Fire/Tmut/Pois #.......     100%        3
 Inner Flame              Hex/Fire       #.......     100%        3
 Lesser Beckoning         Tloc           #.........   100%        3
 Mephitic Cloud           Conj/Pois/Air  #.......     100%        3
 Ozocubu's Armour         Ice            #.......     100%        3
 Portal Projectile        Hex/Tloc       #.....       100%        3
 Summon Guardian Golem    Hex/Summ       #.......     100%        3
 Tukima's Dance           Hex            #.......     100%        3
 Vampiric Draining        Necr           #.........   100%        3
 Animate Dead             Necr           #.........   100%        4
 Cause Fear               Hex            #.........   100%        4
 Hailstorm                Conj/Ice       #.......     100%        4
 Ice Form                 Ice/Tmut       #.......     100%        4
 Iskenderun's Mystic Bla  Conj/Tloc      #.......     100%        4
 Leda's Liquefaction      Hex/Erth       #.........   100%        4
 Olgreb's Toxic Radiance  Pois           #.......     100%        4
 Passage of Golubria      Tloc           N/A          100%        4
 Petrify                  Tmut/Erth      #.......     100%        4
 Sticky Flame             Conj/Fire      #.......     100%        4
 Summon Ice Beast         Ice/Summ       #.......     100%        4
 Summon Lightning Spire   Summ/Air       #.......     100%        4
 Agony                    Necr           #.......     100%        5
 Alistair's Intoxication  Tmut/Pois      #........    100%        5
 Bolt of Magma            Conj/Fire/Erth #.........   100%        5
 Fireball                 Conj/Fire      #.........   100%        5
 Irradiate                Conj/Tmut      #.........   100%        5
 Lee's Rapid Deconstruct  Erth           #.........   100%        5
 Metabolic Englaciation   Hex/Ice        #.........   100%        5
 Silence                  Hex/Air        #.........   100%        5
 Summon Demon             Summ           #.........   100%        5
 Yara's Violent Unravell  Hex/Tmut       #.........   100%        5
 Conjure Ball Lightning   Conj/Air       #.........   100%        6
 Eringya's Noxious Bog    Tmut/Pois      #.........   100%        6
 Freezing Cloud           Conj/Ice/Air   #.........   100%        6
 Invisibility             Hex            #.......     100%        6
 Iron Shot                Conj/Erth      #.........   100%        6
 Ozocubu's Refrigeration  Ice            #.........   100%        6
 Simulacrum               Ice/Necr       #.........   100%        6
 Statue Form              Tmut/Erth      #........    100%        6
 Dragon Form              Tmut           #.........   100%        7
 Haunt                    Necr/Summ      #.........   100%        7
 Malign Gateway           Summ/Tloc      #.........   100%        7
 Borgnjor's Revivificati  Necr           #.........   100%        8
 Chain Lightning          Conj/Air       #.........   100%        8
 Discord                  Hex            #.........   100%        8
 Ignition                 Fire           #.........   100%        8
 Infestation              Necr           #.........   100%        8
 Lehudib's Crystal Spear  Conj/Erth      #.........   100%        8
 Necromutation            Tmut/Necr      #.........   100%        8
 Absolute Zero            Ice            #.........   100%        9
 Death's Door             Necr           #.........   100%        9
 Dragon's Call            Summ           #.........   100%        9
 Fire Storm               Conj/Fire      #.........   100%        9
 Shatter                  Erth           #.........   100%        9
 Tornado                  Air            #.........   100%        9


Dungeon Overview and Level Annotations

Branches:
Dungeon (15/15)            Temple (0/1) D:6            Lair (6/6) D:11
  Swamp (4/4) Lair:3        Snake (4/4) Lair:3        Slime (0/5) Lair:5
    Orc (2/2) D:9             Elf (3/3) Orc:2        Vaults (5/5) D:13
  Crypt (0/3) Vaults:3     Depths (5/5) D:15            Zot (5/5) Depths:5
  IceCv (visited)

Altars:
Ashenzari
Cheibriados
Fedhas
Gozag
Makhleb
Qazlal
Vehumet
Xom
Zin
The Shining One
Beogh
Lugonu

Shops:
D:6 (*=(   D:8 [   D:11 ?   D:13 !   Orc:2 }(([(   Elf:2 *   Elf:3 **
Snake:2 *   Depths:4 :

Portals:
Hell: Depths:1 Depths:2 Depths:3 Depths:4 Depths:5
Abyss: Snake:1 Depths:1 Depths:4
Pandemonium: Depths:3
Ziggurat: Depths:4

Annotations:
D:4 2 transporters, Honkfish's ghost, novice TeMo
Snake:1 4 transporters, Wusm's ghost, journeyman MiFi
Snake:2 1 runed translucent door, Qoecrouz's ghost, journeyman MiAK
Orc:1 2 transporters, Suecw's ghost, journeyman DDFi


Innate Abilities, Weirdness & Mutations

You reflexively headbutt those who attack you in melee.
You have a pair of horns on your head.


Message History

The curse toe gestures.
Found a scroll of blinking.
You slice the wandering mushroom!!
You headbutt the wandering mushroom, but do no damage.
You hit the deathcap. You slice the wandering mushroom!!
You hit the wandering mushroom. You slice the deathcap!!
You slash the deathcap! Lightning courses through the deathcap!
You slash the deathcap! You block the deathcap's attack.
The deathcap releases spores at you.
* * * LOW HITPOINT WARNING * * *
You are engulfed in a cloud of spores!
A shadow dragon comes into view.
The curse toe calls on the powers of darkness!
Your body is wracked with pain!
* * * LOW HITPOINT WARNING * * *
The shadow dragon convulses!
You block the deathcap's attack.
Found a scroll of blinking.
Found a stone staircase leading up.
The curse toe gestures.
You block the deathcap's attack.
The wandering mushroom releases spores at the wandering mushroom!
The deathcap draws from the surrounding life force!
* * * LOW HITPOINT WARNING * * *
The deathcap is healed.
You slice the wandering mushroom!!
Lightning courses through the wandering mushroom!!
You destroy the wandering mushroom!
Fedhas accepts your kill.
You feel very guilty.
You chop the wandering mushroom into pieces!!!
Lightning courses through the wandering mushroom!
You destroy the wandering mushroom!
Fedhas accepts your kill.
You slash the deathcap! x2; You slice the deathcap!!
The deathcap draws from the surrounding life force!
* * * LOW HITPOINT WARNING * * *
The deathcap is healed.
The deathcap draws from the surrounding life force!
* * * LOW HITPOINT WARNING * * *
The deathcap is healed.
Okay, then.
The deathcap releases spores at the wandering mushroom!
The wandering mushroom releases spores at the deathcap.
The deathcap releases spores at the wandering mushroom but does no damage.
The deathcap releases spores at the wandering mushroom!!
The shadow dragon breathes negative energy at you.
The bolt of negative energy hits the wandering mushroom.
The wandering mushroom completely resists.
The bolt of negative energy hits you!!!
You feel drained.
You die...
Fedhas appreciates your contribution to the ecosystem.

*,,,,,,..........# *,,,,,,,,,
*,,^,,.?.........# *,,,,,,,,,
*,,,,,...........# *,,,,,,,,,
*,,,,,...........# *,,,,,,,,,
*,,,,,...........* *,,,,,,,,,
*,,,,,..........#*####*******,,,
*,,,,,<......fff###..# ****
*,,,,,?...D☼.f.f'....#
*,,,,,....°.z.f@####.#
******####..f...# #.# ***
#......# #.# *,,
#####+#####.#********,*
####.###...#*,,,,,,*,*
#........###*,,,,,,*,*
#.##.###....+,,,,,,*,* #.##.#
#.####,,,,,,*,* #.##.# #.#
*,,,,,,*,*


You could see a shadow dragon (catching breath), a curse toe, 4 deathcaps and 3
neutral wandering mushrooms.

Vanquished Creatures
  3 ancient liches
  Margery (Depths:4)
  A caustic shrike (shapeshifter) (Vaults:5)
  A curse toe (Zot:3)
  4 golden dragons
  2 bone dragons (Depths:5)
  An electric golem (Depths:5)
  6 liches
  17 tentacled monstrosities
  The ghost of Miatylau the Fencer, an adept FoFi of Okawaru (Elf:3)
  An Ice Fiend (IceCv)
  7 titans
  9 quicksilver dragons
  A deep elf blademaster (Elf:3)
  4 deep elf master archers (Elf:3)
  A tentacled starspawn (Abyss:3)
  4 sphinxes
  A shadow dragon (shapeshifter) (Vaults:4)
  8 death cobs
  8 shadow dragons
  15 storm dragons
  7 tengu reavers
  9 nagarajas
  Donald (Elf:3)
  Roxanne (Elf:1)
  3 draconian monks (Zot:1)
  3 ghost moths
  5 deep elf sorcerers
  18 fire giants
  3 draconian knights
  16 vault wardens
  A daeva (Depths:2)
  5 draconian scorchers
  2 iron dragons (Zot:1)
  7 frost giants
  Louise (Swamp:2)
  3 draconian annihilators
  2 spriggan defenders (Depths:3)
  4 draconian stormcallers
  19 ironheart preservers
  5 deep elf elementalists
  3 draconian shifters
  16 very ugly things
  14 stone giants
  7 deep elf demonologists
  3 entropy weavers
  2 vampire knights
  7 yellow draconians
  7 green draconians
  5 black draconians
  3 red draconians
  6 deep elf annihilators
  20 ettins
  7 white draconians
  9 spark wasps
  7 purple draconians
  4 deep elf death magi
  10 fire dragons
  Josephine (Orc:1)
  4 deep elf high priests
  19 yaktaur captains
  19 ogre magi
  6 great orbs of eyes
  7 rakshasas
  7 naga warriors
  8 ice dragons
  Erolcha (D:12)
  40 vault guards
  A ghost crab (Swamp:4)
  16 hydras
  12 centaur warriors
  17 anacondas
  2 spriggan air magi
  3 death knights
  59 two-headed ogres
  A catoblepas (Lair:6)
  A death yak (Depths:3)
  A queen ant (shapeshifter) (Depths:5)
  9 deep troll earth magi
  A vampire mage (Depths:5)
  An orc high priest (Elf:2)
  6 alligators
  13 deep troll shamans
  29 dancing weapons
  6 tengu warriors
  A hell hog (Depths:3)
  4 thrashing horrors (Abyss:3)
  19 deep elf knights
  A spriggan berserker (Depths:2)
  11 naga sharpshooters
  4 shock serpents
  Urug (D:10)
  Sonja (Orc:1)
  7 hell knights
  A fire crab (shapeshifter) (Depths:3)
  3 salamander mystics
  A death drake (Abyss:3)
  11 iron trolls
  A spriggan druid (Swamp:4)
  A flayed ghost (Vaults:3)
  4 unseen horrors
  39 deep trolls
  4 wizards
  13 ironbrand convokers
  4 glowing orange brains
  17 deep elf archers
  A golden dragon skeleton (Abyss:3)
  7 swamp dragons
  8 naga ritualists
  22 orc knights
  2 harpies (shapeshifter)
  An obsidian statue (Elf:3)
  4 phantasmal warriors (Vaults:5)
  64 deep elf magi
  4 harpies
  3 wolf spiders
  3 necromancers
  A manticore (D:15)
  4 orc sorcerers
  11 cyclopes
  16 moths of wrath
  31 ugly things
  A fire giant zombie (Vaults:4)
  A mana viper (shapeshifter) (Vaults:5)
  A glowing shapeshifter (Vaults:4)
  13 salamanders
  A shining eye (shapeshifter) (Vaults:5)
  6 mana vipers
  6 elephants (Lair:4)
  A water nymph (shapeshifter) (Vaults:5)
  An ice statue (D:13)
  14 vault sentinels
  11 guardian serpents (Snake:4)
  16 black mambas
  A storm dragon simulacrum (Vaults:3)
  11 naga magi
  17 cane toads
  41 yaktaurs
  2 cane toads (shapeshifter) (Vaults:3)
  An eye of devastation (shapeshifter) (Vaults:5)
  5 spectral swamp worms (Depths:4)
  10 freezing wraiths
  5 komodo dragons
  3 anaconda simulacra (IceCv)
  An efreet (D:15)
  A rime drake (Lair:6)
  A tengu conjurer (Depths:2)
  10 trolls
  A kobold demonologist (D:15)
  A komodo dragon (shapeshifter) (Depths:5)
  6 ice devils (IceCv)
  An ancient zyme (Abyss:3)
  2 jumping spiders
  9 tyrant leeches
  A queen bee (shapeshifter) (Vaults:4)
  A troll (shapeshifter) (Vaults:3)
  A jumping spider (shapeshifter) (Elf:1)
  A harpy zombie (D:15)
  2 polar bears (Lair:6)
  18 hornets
  13 hippogriffs
  A blink frog (shapeshifter) (Depths:3)
  A frost giant simulacrum (Vaults:4)
  17 blink frogs
  18 slime creatures
  4 raiju
  10 bog bodies
  7 dream sheep (Lair:6)
  8 redbacks
  A shadow (D:13)
  21 spriggans
  A dire elephant simulacrum (IceCv)
  3 wyverns
  An air elemental (Elf:2)
  Sigmund (D:4)
  A fire elemental (Elf:1)
  8 water elementals
  4 large abominations (Abyss:3)
  4 fire bats (D:10)
  8 wraiths
  2 hogs (shapeshifter)
  26 yaks
  3 death yak simulacra (IceCv)
  A neqoxec (Abyss:3)
  4 basilisks
  15 vampire mosquitoes
  Menkaure (D:4)
  7 insubstantial wisps
  A soldier ant (D:15)
  2 harpy simulacra (IceCv)
  8 wargs
  A naga (shapeshifter) (Vaults:3)
  19 swamp worms
  Edmund (D:4)
  31 nagas
  5 iron troll simulacra (IceCv)
  A soldier ant (shapeshifter) (D:15)
  5 acid dragons
  14 water moccasins
  3 small abominations (Abyss:3)
  3 hydra simulacra (IceCv)
  A floating eye (Depths:4)
  11 hell hounds (Depths:3)
  10 swamp drakes
  11 porcupines
  4 ice beasts
  43 orc warriors
  45 ogres
  2 sky beasts
  6 black bears
  An ettin simulacrum (IceCv)
  An eye of draining (D:14)
  A necrophage (D:14)
  A phantom (D:12)
  34 wolves
  20 centaurs
  9 boggarts
  An elf skeleton (Vaults:4)
  15 crocodiles
  2 big kobolds
  18 bullfrogs
  2 wyvern zombies
  2 gnoll sergeants
  A deep troll simulacrum (Vaults:1)
  2 earth elementals (Elf:3)
  6 scorpions
  11 killer bees
  A human simulacrum (Vaults:1)
  13 wights
  A howler monkey (D:5)
  4 electric eels
  2 quasits
  3 starcursed masses (Abyss:3)
  5 draconian simulacra (IceCv)
  2 bullfrog zombies (D:7)
  5 centaur zombies
  6 hounds
  13 orc priests
  2 jellies
  15 orc wizards
  Crazy Yiuf (D:3)
  6 centaur skeletons
  An iron imp (Depths:1)
  Jessica (D:2)
  2 iguanas (D:9)
  Ijyb (D:5)
  12 worker ants
  A polar bear simulacrum (IceCv)
  2 troll simulacra (IceCv)
  A wolf simulacrum (IceCv)
  2 centaur simulacra (IceCv)
  A hound zombie (D:7)
  2 hound skeletons
  Robin (D:2)
  10 gnolls
  2 ogre simulacra (IceCv)
  16 adders
  A naga simulacrum (IceCv)
  A river rat (D:6)
  4 shadow imps
  10 white imps
  4 ufetubi
  An ooze (D:6)
  An adder zombie (D:7)
  3 adder skeletons
  5 worms
  A dart slug (D:1)
  7 leopard geckos
  110 orcs
  3 giant cockroaches
  21 goblins
  7 hobgoblins
  12 jackals
  7 quokkas
  6 ball pythons
  5 bats
  6 frilled lizards
  A jackal skeleton (D:6)
  A jackal zombie (D:5)
  8 kobolds
  A quokka skeleton (D:8)
  15 rats
  A fungus (D:11)
2107 creatures vanquished.

Vanquished Creatures (collateral kills)
  Sojobo (Depths:1)
  Jory (Vaults:2)
  A titan (Vaults:5)
  A deep elf master archer (Elf:3)
  A tentacled starspawn (Abyss:3)
  A nagaraja (Snake:4)
  A fire giant (Depths:4)
  3 deep elf sorcerers
  A frost giant (Depths:4)
  An ironheart preserver (Vaults:5)
  A deep elf annihilator (Elf:3)
  A deep elf death mage (Elf:3)
  2 ettins
  3 vault guards (Vaults:5)
  A rakshasa (Depths:4)
  An ogre mage (Vaults:5)
  A deep troll earth mage (Depths:4)
  A two-headed ogre (Depths:3)
  2 dancing weapons (Elf:3)
  A deep troll shaman (Depths:4)
  4 deep elf knights
  A naga sharpshooter (Snake:4)
  An iron troll (Depths:2)
  3 deep trolls (Depths:4)
  2 deep elf archers (Elf:3)
  A wizard (Depths:1)
  3 orc knights
  An ironbrand convoker (Vaults:5)
  An ugly thing (Depths:1)
  A mana viper (Snake:4)
  3 deep elf magi
  A cyclops (Depths:3)
  A vault sentinel (Vaults:4)
  A guardian serpent (Snake:4)
  A smoke demon (Abyss:3)
  A cane toad (Swamp:2)
  A freezing wraith (Abyss:3)
  A yaktaur (Depths:1)
  A hornet (Depths:3)
  A troll (Vaults:5)
  4 slime creatures (Depths:1)
  2 spriggans (Depths:3)
  A ynoxinul (Abyss:3)
  A water elemental (Depths:4)
  A yak (Depths:3)
  4 wargs (Orc:2)
  2 nagas (Snake:4)
  3 orc warriors (Orc:2)
  An ogre (Vaults:5)
  2 earth elementals (Elf:3)
  2 killer bees (D:9)
  7 orcs (Orc:2)
  A ballistomycete spore (D:11)
87 creatures vanquished.

Vanquished Creatures (others)
  Mara (Depths:4)
  Aizul (Snake:1)
  A draconian knight (Zot:1)
  An ironheart preserver (Vaults:4)
  A shambling mangrove (Swamp:4)
  An ogre mage (D:15)
  A vampire mage (Depths:3)
  A deep elf knight (Vaults:3)
  A naga ritualist (Snake:4)
  A swamp dragon (Swamp:4)
  2 deep elf magi
  3 hornets (Swamp:4)
  A bog body (Swamp:3)
  A warg (Vaults:4)
  A water moccasin (Lair:3)
  A black bear (Lair:6)
  2 ogres
  2 centaurs (Depths:4)
  An adder (Lair:3)
  A fire vortex (D:10)
  17 fungi
  14 plants
  6 starspawn tentacles (Abyss:3)
62 creatures vanquished.

Grand Total: 2256 creatures vanquished

Notes
Turn   | Place    | Note
-------+----------+-------------------------------------------
     0 | D:1      | vurker the Minotaur Monk began the quest for the Orb.
     0 | D:1      | Reached XP level 1. HP: 19/19 MP: 0/0
    56 | D:1      | Reached XP level 2. HP: 20/27 MP: 1/1
   232 | D:1      | Reached skill level 4 in Fighting
   532 | D:2      | Noticed Robin
   639 | D:2      | Reached XP level 3. HP: 31/33 MP: 2/2
   649 | D:2      | Killed Robin
   649 | D:2      | Reached skill level 5 in Axes
   841 | D:2      | Found a burning altar of Makhleb.
   841 | D:2      | Found a radiant altar of Vehumet.
  1058 | D:2      | Noticed Jessica
  1065 | D:2      | Killed Jessica
  1065 | D:2      | Reached XP level 4. HP: 40/41 MP: 3/3
  1963 | D:3      | Reached XP level 5. HP: 47/47 MP: 4/4
  2021 | D:3      | You fall into a shaft and drop 3 floors!
  2021 | D:6      | Found a glowing silver altar of Zin.
  2058 | D:6      | Found Rucs's Weapon Boutique.
  2088 | D:6      | Found Qoxkemos's Jewellery Boutique.
  2102 | D:6      | Noticed an ice beast
  2109 | D:6      | Killed an ice beast
  2109 | D:6      | Reached skill level 5 in Fighting
  2322 | D:5      | Entered Level 5 of the Dungeon
  2372 | D:5      | Reached XP level 6. HP: 50/56 MP: 5/5
  2422 | D:5      | Noticed Ijyb
  2426 | D:5      | Killed Ijyb
  2562 | D:5      | Noticed an ice beast
  2581 | D:4      | HP: 1/57 [ice beast (11)]
  2584 | D:4      | Killed an ice beast
  2584 | D:4      | Reached skill level 6 in Fighting
  2587 | D:4      | Reached XP level 7. HP: 9/63 MP: 6/6
  2989 | D:4      | Noticed Honkfish's ghost (novice TeMo)
  2990 | D:4      | Found a transporter.
  2997 | D:4      | Found a transporter.
  3013 | D:4      | Noticed Menkaure
  3018 | D:4      | Killed Menkaure
  3227 | D:4      | Reached skill level 7 in Fighting
  3381 | D:4      | Noticed Edmund
  3390 | D:4      | Killed Edmund
  3390 | D:4      | Reached XP level 8. HP: 62/73 MP: 7/7
  3547 | D:4      | Noticed Sigmund
  3553 | D:4      | Killed Sigmund
  3553 | D:4      | Reached skill level 10 in Axes
  3632 | D:4      | Found a roughly hewn altar of Beogh.
  3748 | D:4      | Found a blossoming altar of Fedhas.
  3814 | D:4      | Became a worshipper of Fedhas Madash
  3814 | D:4      | Reached * piety under Fedhas
  3814 | D:4      | Reached ** piety under Fedhas
  4372 | D:3      | Found a runed translucent door.
  4373 | D:3      | Noticed Crazy Yiuf
  4503 | D:3      | Killed Crazy Yiuf
  4503 | D:3      | Reached skill level 8 in Fighting
  4682 | D:5      | Reached skill level 1 in Invocations
  5670 | D:6      | Found a staircase to the Ecumenical Temple.
  5861 | D:6      | Found Fashuq's Assorted Antiques.
  5866 | D:6      | Bought a scroll labeled QOIMAPRY BAMY for 29 gold pieces
  6189 | D:6      | Found Desiesm's Weapon Shoppe.
  6238 | D:7      | Reached skill level 11 in Fighting
  6238 | D:7      | Reached XP level 9. HP: 89/89 MP: 8/11
  6763 | D:7      | Reached skill level 5 in Invocations
  6787 | D:7      | Reached *** piety under Fedhas
  6840 | D:7      | Reached XP level 10. HP: 94/95 MP: 12/12
  7867 | D:8      | Found Futieh's Antique Armour Shoppe.
  7870 | D:8      | Bought a fine cloak for 275 gold pieces
  7880 | D:8      | Identified the +1 cloak of Exclusion {rElec Str+2 Dex-3
                  | Slay+3} (You bought it in a shop on level 8 of the Dungeon)
  8223 | D:8      | Reached **** piety under Fedhas
  8428 | D:8      | Found a snail-covered altar of Cheibriados.
  9863 | D:9      | Found a staircase to the Orcish Mines.
 10059 | D:10     | Entered Level 10 of the Dungeon
 10478 | D:10     | Reached XP level 11. HP: 80/104 MP: 14/14
 10818 | D:10     | Reached skill level 12 in Fighting
 11041 | D:10     | Reached ***** piety under Fedhas
 11473 | D:10     | Noticed Urug
 11488 | D:10     | Killed Urug
 11814 | D:11     | Found a staircase to the Lair.
 11829 | D:11     | Reached skill level 15 in Axes
 12372 | D:11     | Noticed a two-headed ogre
 12385 | D:11     | Killed a two-headed ogre
 12404 | D:11     | You fall into a shaft and drop 1 floor!
 12679 | D:11     | Killed an unseen horror
 12814 | D:11     | Noticed a purple ugly thing
 12821 | D:11     | Killed a purple ugly thing
 13056 | D:11     | Found a flickering gateway to a bazaar.
 13072 | Bazaar   | Entered a bazaar
 13081 | Bazaar   | Found Demnist's Antique Weapon Emporium.
 13094 | Bazaar   | Found Lethoc's Antique Weapon Shoppe.
 13109 | Bazaar   | Found Mesecurgh's Antique Armour Shoppe.
 13120 | Bazaar   | Found Jucsoluukk's Antique Armour Emporium.
 13162 | Bazaar   | Bought a warped broad axe for 153 gold pieces
 13162 | Bazaar   | Identified the +7 broad axe "Toitrag" {vorpal, MR+} (You
                  | bought it in a shop in a bazaar)
 13177 | Bazaar   | Bought a tower shield for 90 gold pieces
 13517 | D:11     | Found Detast's Magic Scroll Shop.
 13529 | D:11     | Bought a scroll of fog for 26 gold pieces
 13792 | D:12     | Noticed a two-headed ogre
 13797 | D:12     | Killed a two-headed ogre
 13797 | D:12     | Reached skill level 1 in Shields
 14041 | D:12     | Noticed a two-headed ogre
 14048 | D:12     | Killed a two-headed ogre
 14195 | D:12     | Reached XP level 12. HP: 113/113 MP: 16/16
 14307 | D:12     | Noticed Erolcha
 14312 | D:12     | Killed Erolcha
 14312 | D:12     | Reached skill level 13 in Fighting
 14449 | D:12     | Got a smoking rapier
 14860 | D:8      | Identified the +2 rapier "Ydyes" {venom, *Slow rN+ MP-9
                  | Int+8} (You found it on level 12 of the Dungeon)
 15012 | Lair:1   | Entered Level 1 of the Lair of Beasts
 15209 | Lair:1   | Got a shimmering broad axe
 15210 | Lair:1   | Identified the +2 broad axe "Juank" {flame, rF++ Int-5
                  | Dex+7} (You found it on level 1 of the Lair of Beasts)
 15824 | Lair:2   | Reached skill level 5 in Shields
 15936 | Lair:2   | Reached skill level 5 in Dodging
 16932 | Lair:3   | Found a staircase to the Snake Pit.
 17050 | Lair:3   | Found a shimmering altar of Xom.
 17273 | Lair:3   | Found a staircase to the Swamp.
 17445 | Lair:3   | Reached XP level 13. HP: 116/122 MP: 18/18
 18345 | Lair:4   | Reached ****** piety under Fedhas
 18862 | Lair:5   | Found a staircase to the Slime Pits.
 19074 | Lair:5   | Found a stormy altar of Qazlal.
 19272 | Lair:6   | Entered Level 6 of the Lair of Beasts
 19471 | Lair:6   | Reached skill level 14 in Fighting
 20257 | Lair:6   | Reached skill level 10 in Shields
 20410 | Lair:6   | Reached XP level 14. HP: 113/133 MP: 20/20
 20609 | Lair:6   | Reached skill level 10 in Invocations
 21194 | Orc:1    | Entered Level 1 of the Orcish Mines
 21251 | Orc:1    | Noticed Sonja
 21258 | Orc:1    | Killed Sonja
 21398 | Orc:1    | Noticed Suecw's ghost (journeyman DDFi)
 21405 | Orc:1    | Found a transporter.
 21433 | Orc:1    | You fall into a shaft and drop 1 floor!
 21433 | Orc:2    | Entered Level 2 of the Orcish Mines
 21920 | Orc:2    | Found Ygitt's Weapon Boutique.
 22013 | Orc:2    | Found Plog's Weapon Shoppe.
 22352 | Orc:2    | Found Juhonyc's Gadget Emporium.
 22471 | Orc:2    | Found a staircase to the Elven Halls.
 22577 | Orc:2    | Found Latz's Antique Armour Shoppe.
 22675 | Orc:2    | Found Zosmikos's Weapon Boutique.
 22873 | Orc:2    | Paralysed by an orc sorcerer for 3 turns
 22877 | Orc:2    | Reached skill level 15 in Fighting
 22942 | Orc:2    | Found a roughly hewn altar of Beogh.
 23151 | Orc:1    | Noticed Josephine
 23159 | Orc:1    | Killed Josephine
 23367 | Orc:1    | Found a transporter.
 23382 | Orc:1    | Found the ring of the Octopus King
 23658 | Orc:2    | Bought a runed plate armour for 936 gold pieces
 23805 | D:13     | Found Bapaudu's Distillery.
 23895 | D:13     | Got a steaming shortbow
 24059 | D:11     | Bought a scroll of acquirement for 676 gold pieces
 24059 | D:11     | Acquired 1060 gold pieces
 24061 | D:11     | Bought a scroll of identify for 26 gold pieces
 24061 | D:11     | Bought a scroll of identify for 26 gold pieces
 24530 | D:13     | Found a gate to the Vaults.
 25900 | D:15     | Entered Level 15 of the Dungeon
 25953 | D:15     | Found an opulent altar of Gozag.
 26229 | D:15     | Found a staircase to the Depths.
 26229 | D:15     | Noticed a fire giant
 26308 | D:15     | Killed a fire giant
 26308 | D:15     | Reached XP level 15. HP: 66/143 MP: 22/22
 26595 | D:15     | Reached skill level 16 in Fighting
 26948 | D:15     | Got a slimy bronze ring
 26950 | D:15     | Identified the ring "Keicvusk" {+Inv +Fly MR+ MP+9} (You
                  | found it on level 15 of the Dungeon)
 27481 | Swamp:1  | Entered Level 1 of the Swamp
 28456 | Swamp:2  | Noticed Louise
 28867 | Swamp:2  | Killed Louise
 28884 | Swamp:2  | Reached skill level 10 in Armour
 29692 | Swamp:2  | Got an encrusted ring mail
 29980 | Swamp:3  | Noticed a thorn hunter
 30012 | Swamp:3  | Reached skill level 17 in Fighting
 30769 | Swamp:4  | Entered Level 4 of the Swamp
 31622 | Swamp:4  | Reached XP level 16. HP: 71/155 MP: 23/23
 32305 | Swamp:4  | Got a decaying rune of Zot
 33031 | Snake:1  | Entered Level 1 of the Snake Pit
 33042 | Snake:1  | Found a one-way gate to the infinite horrors of the Abyss.
 33042 | Snake:1  | Identified the +4 flail of the Turnip {distort, +Inv
                  | Stlth+}
 33042 | Snake:1  | Noticed Wusm's ghost (journeyman MiFi)
 33043 | Snake:1  | Found a transporter.
 33119 | Snake:1  | Noticed an Executioner
 33196 | Snake:1  | Found a transporter.
 33277 | Snake:1  | Noticed Aizul
 33291 | Snake:1  | Killed Aizul
 33469 | Snake:1  | Found a transporter.
 33553 | Snake:1  | Reached skill level 15 in Shields
 33659 | Snake:1  | Found a transporter.
 33851 | Snake:2  | Found Kelin's Mass Market.
 33854 | Snake:2  | Bought a +2 plate armour of fire resistance for 680 gold
                  | pieces
 33866 | Snake:2  | Found a runed translucent door.
 33866 | Snake:2  | Noticed Qoecrouz's ghost (journeyman MiAK)
 34399 | Snake:2  | Reached skill level 18 in Fighting
 34790 | Snake:2  | Found a glowing silver altar of Zin.
 35062 | Snake:3  | Got an amethyst-encrusted chain mail
 35098 | Snake:2  | Identified the +1 chain mail of Objectivity {rN+ MR+} (You
                  | found it on level 3 of the Snake Pit)
 35693 | Snake:3  | Found a burning altar of Makhleb.
 35865 | Snake:4  | Entered Level 4 of the Snake Pit
 35903 | Snake:4  | Found a frozen archway.
 35928 | Snake:4  | Got a pitted scale mail
 35941 | IceCv    | Entered an ice cave
 36695 | IceCv    | Noticed an Ice Fiend
 36740 | IceCv    | Killed an Ice Fiend
 37070 | IceCv    | Found the +27 Lear's hauberk
 37559 | Snake:4  | Reached XP level 17. HP: 154/166 MP: 25/25
 38639 | Snake:4  | Reached skill level 19 in Fighting
 40173 | Snake:4  | Got a serpentine rune of Zot
 40907 | Elf:1    | Entered Level 1 of the Elven Halls
 41105 | Elf:1    | Noticed Roxanne
 41119 | Elf:1    | Killed Roxanne
 41831 | Elf:1    | Cast into level 3 of the Abyss (a deep elf sorcerer)
 42217 | Abyss:3  | Reached XP level 18. HP: 11/178 MP: 27/27
 42220 | Abyss:3  | Reached skill level 20 in Fighting
 42465 | Elf:1    | Escaped the Abyss
 42953 | Elf:2    | Got a twisted short sword
 42968 | Elf:2    | Found Dirphalenu's Assorted Antiques.
 43034 | Elf:2    | Bought a potion of mutation for 176 gold pieces
 43095 | Elf:2    | Found a huge runed translucent gate.
 43103 | Elf:2    | Found a huge runed translucent gate.
 43104 | Elf:2    | Found a huge runed translucent gate.
 43105 | Elf:2    | Found a huge runed translucent gate.
 43105 | Elf:2    | Found a huge runed translucent gate.
 44454 | Elf:3    | Entered Level 3 of the Elven Halls
 44689 | Elf:3    | Noticed Donald
 44699 | Elf:3    | Killed Donald
 44845 | Elf:3    | Found Zichailu's Assorted Antiques.
 44970 | Elf:3    | Bought a scroll labeled XIUXINKIHYW for 35 gold pieces
 45005 | Elf:3    | Got a warped scale mail
 45212 | Elf:3    | Found a runed translucent gate.
 45212 | Elf:3    | Found a runed translucent gate.
 45213 | Elf:3    | Found a runed translucent gate.
 45214 | Elf:3    | Found an opulent altar of Gozag.
 45216 | Elf:3    | Noticed Miatylau's ghost (adept FoFi)
 45217 | Elf:3    | Found Raenaos's Assorted Antiques.
 45608 | Elf:3    | Reached skill level 21 in Fighting
 46189 | Elf:3    | Reached XP level 19. HP: 189/189 MP: 28/28
 46588 | Elf:3    | Noticed a Brimstone Fiend
 47004 | Elf:3    | Identified the Guide on Ignition and Toxins
 47117 | Elf:3    | Got an iridescent hand axe
 47120 | Elf:3    | Got a dazzling hand axe
 47151 | Elf:3    | Got a shimmering bronze ring
 47154 | Elf:3    | Identified the Papyrus of the Unstable Escort
 47165 | Elf:3    | Identified the ring "Naotenedgh" {*Tele +Blink rF+} (You
                  | found it on level 3 of the Elven Halls)
 47357 | Elf:3    | Killed Miatylau's ghost
 47537 | Elf:3    | Bought a potion of might for 84 gold pieces
 47537 | Elf:3    | Bought 2 scrolls of teleportation for 126 gold pieces
 47537 | Elf:3    | Bought a scroll of blinking for 157 gold pieces
 47537 | Elf:3    | Bought a vibrating copper amulet for 105 gold pieces
 47537 | Elf:3    | Identified the amulet "Filemyaw" {Regen+ Dex+3} (You bought
                  | it in a shop on level 3 of the Elven Halls)
 47769 | Vaults:1 | Entered Level 1 of the Vaults
 49062 | Vaults:1 | Acquired a manual of Dodging
 49951 | Vaults:2 | Reached skill level 22 in Fighting
 50257 | Vaults:2 | Reached skill level 15 in Armour
 50392 | Vaults:2 | Got a dazzling falchion
 50474 | Vaults:2 | Reached XP level 20. HP: 174/200 MP: 30/30
 50774 | Vaults:2 | Noticed Jory
 50804 | Vaults:2 | Killed Jory
 52674 | Vaults:3 | Reached skill level 15 in Invocations
 52720 | Vaults:3 | Reached skill level 10 in Dodging
 53643 | Vaults:3 | Found a staircase to the Crypt.
 54204 | Vaults:4 | Reached skill level 23 in Fighting
 54265 | Vaults:4 | Reached XP level 21. HP: 202/211 MP: 31/31
 55462 | Vaults:4 | Found a portal to a secret trove of treasure.
 56119 | Depths:1 | Entered Level 1 of the Depths
 56127 | Depths:1 | Noticed Sojobo
 56311 | Depths:1 | Killed Sojobo
 56912 | Depths:1 | Found a gateway to Hell.
 57022 | Depths:1 | Found a shattered altar of Ashenzari.
 57144 | Depths:1 | Found a corrupted altar of Lugonu.
 58365 | Depths:2 | Reached XP level 22. HP: 187/222 MP: 32/32
 58955 | Depths:2 | Reached skill level 24 in Fighting
 59030 | Depths:2 | Found a glowing golden altar of the Shining One.
 60390 | Depths:3 | Found a one-way gate leading to the halls of Pandemonium.
 61494 | Depths:4 | Paralysed by a floating eye for 2 turns
 61498 | Depths:4 | Noticed Margery
 61903 | Depths:4 | Killed Margery
 62209 | Depths:4 | Found Xeolog's Book Boutique.
 62218 | Depths:4 | Found a gateway to a ziggurat.
 62318 | Depths:4 | Noticed Mara
 62320 | Depths:4 | Noticed vurker's illusion
 62341 | Depths:4 | Killed Mara
 62351 | Depths:4 | Reached XP level 23. HP: 214/232 MP: 34/34
 62410 | Depths:4 | You fall into a shaft and drop 1 floor!
 62410 | Depths:5 | Entered Level 5 of the Depths
 62483 | Depths:4 | Reached skill level 15 in Dodging
 62629 | Depths:4 | Reached skill level 25 in Fighting
 64471 | Depths:5 | Found a gate to the Realm of Zot.
 64730 | Depths:5 | Found an opulent altar of Gozag.
 65549 | Vaults:5 | Entered Level 5 of the Vaults
 65947 | Vaults:5 | Noticed an ancient lich
 66213 | Vaults:5 | Reached XP level 24. HP: 244/244 MP: 34/34
 66506 | Vaults:5 | Identified the ring "Janulus" {+Fly MR+ Int+7 Stlth-}
 66611 | Vaults:5 | Acquired the +9 scales of the Dragon King {rPois rF+ rC+
                  | MR+}
 66612 | Vaults:5 | Found the +9 scales of the Dragon King {rPois rF+ rC+ MR+}
 66714 | Vaults:5 | Identified the ring of Dithmenos's Reproof {rF++ MR+ Int+6
                  | Dex+2}
 66798 | Vaults:5 | Identified the amulet of the Worm {Faith Str+4}
 66800 | Vaults:5 | Identified the +10 flail of Qeusoi {freeze, Int+4}
 66823 | Vaults:5 | Noticed an ancient lich
 67425 | Vaults:5 | Reached skill level 26 in Fighting
 67689 | Vaults:5 | Got a crude ring mail
 67759 | Vaults:5 | Identified the +2 scimitar "Imosec" {freeze, Str+4}
 67792 | Vaults:5 | Killed an ancient lich
 67808 | Vaults:5 | Killed an ancient lich
 68444 | Vaults:5 | Identified the Collected Works on Destructive Malediction
 68603 | Vaults:5 | Got a silver rune of Zot
 69539 | Vaults:4 | You paid a toll of +3 shadow dragon scales to enter a
                  | treasure trove
 69540 | Trove    | Entered a treasure trove
 69546 | Trove    | Found the ring of Shadows {Umbra +Inv Stlth+}
 69548 | Trove    | Got a faintly humming cloak
 69549 | Trove    | Identified the -4 cloak "Taqanu" {rElec rF+} (You found it
                  | in a treasure trove)
 69570 | Trove    | Got a slimy lead amulet
 69571 | Trove    | Identified the amulet of the Singing King {Acrobat rElec
                  | Str+3 Dex+9 Stlth-} (You found it in a treasure trove)
 69982 | Zot:1    | Entered Level 1 of the Realm of Zot
 70097 | Depths:5 | Reached XP level 25. HP: 255/255 MP: 34/34
 70200 | Zot:1    | Noticed an ancient lich
 70216 | Zot:1    | Killed an ancient lich
 71141 | Zot:1    | Reached skill level 27 in Fighting
 72534 | Zot:1    | Got a transparent war axe
 72535 | Zot:1    | Identified the +9 war axe of Checks and Balances {pain,
                  | SInv} (You found it on level 1 of the Realm of Zot)
 73083 | Zot:2    | You fall into a shaft and drop 2 floors!
 73771 | Zot:3    | Reached XP level 26. HP: 263/266 MP: 35/35
 75241 | Zot:4    | Got a warped robe
 75632 | Zot:5    | Entered Level 5 of the Realm of Zot
 75665 | Zot:5    | HP: 12/266 [deathcap/drain life[a curse toe] (12)]
 75666 | Zot:5    | Killed from afar by a shadow dragon

Illustrated notes

Levels and vault maps discovered:
D:1:      minmay_arrival_open_corners, layout_rooms
D:2:      layout_loops_ring, gammafunk_temple_overflow_elements, uniq_jessica,
          uniq_robin
D:3:      layout_loops_ring, grunt_ministairs_4, uniq_crazy_yiuf_cottage
D:4:      layout_loops_ring, fedhas_ov_isle_minmay, gammafunk_ghost_arena,
          serial_glass, glass_columns_a, glass_columns_a, glass_columns_a,
          glass_columns_a, glass_columns_a, kennysheep_orc_chapel, uniq_sigmund,
          uniq_edmund, uniq_menkaure
D:5:      layout_basic, chequers_avenue, uniq_ijyb
D:6:      layout_loops_ring, nicolae_overflow_crystal_walls,
          minmay_temple_entry_from_below_b, serial_shops, shop, shop_statue,
          kennysheep_mini_moat, shop, portal_sewer_entry_c
D:7:      layout_gridville
D:8:      layout_basic, slow_altar_2, serial_shops, nicolae_shop_behind_doors
D:9:      layout_basic, orc_0_dummy
D:10:     layout_cave_pods, hangedman_incinerator, uniq_urug
D:11:     layout_irregular_city, due_lair_maze_entry_diamond, serial_shops,
          bzr_entry_gold, shop
D:12:     layout_basic, uniq_erolcha
D:13:     layout_big_octagon, erik_vaults_2, serial_shops, shop,
          hangedman_decor_slide_cut, minivault_16
D:14:     layout_cave_pods, hangedman_decor_riveting
D:15:     grunt_enter_depths_giant_problem, layout_loops_ring,
          nicolae_gozag_cash_rules_everything_around_me
Lair:1:   layout_loops_ring, lemuel_fruit_tree
Lair:2:   layout_misc_corridors, grunt_megastairs_1, lemuel_fruit_fields
Lair:3:   layout_misc_corridors, nicolae_swamp_entry_splash_gauntlet,
          minmay_snake_entry_six_corridors, lemuel_oklob_altar
Lair:4:   layout_regular_city
Lair:5:   layout_roguey, slime_dummy, basic_altar, disabler_island
Lair:6:   minmay_lair_end_enchanted_forest, layout_regular_city
Swamp:1:  layout_basic_swamp, hangedman_swamp_blocks, infiniplex_staircase_pool
Swamp:2:  layout_basic_swamp, evilmike_swamp_ruin_rubble_1, uniq_louise
Swamp:3:  layout_basic_swamp, nicolae_swamp_trees_clearing
Swamp:4:  swamp, layout_basic_swamp
Snake:1:  gammafunk_the_bubble [the_bubble_gammafunk_crates],
          layout_misc_corridors, gammafunk_ghost_abyssal_escape, uniq_aizul
Snake:2:  layout_onion_interference, gammafunk_ghost_grave, basic_altar,
          minmay_shop_mass
Snake:3:  layout_onion_interference, basic_altar
Snake:4:  grunt_snake_rune_serpentine_throne, layout_grid_maze,
          portal_ice_cave_entry_pillars_three, drop_trap
Orc:1:    layout_diamond_mine, gammafunk_ghost_berserking_beasts,
          nicolae_orc_pool_cavern, uniq_josephine, uniq_sonja
Orc:2:    st_orc_town, layout_caves, serial_shops,
          nicolae_shop_competitors_out_of_business, statue_in_the_mist_lemuel
Elf:1:    eino_elf_arrival_shootout, layout_gridlike, hangedman_elf_represent,
          uniq_roxanne
Elf:2:    layout_geoelf_grid, serial_shops, shop
Elf:3:    minmay_elf_hall, layout_loops_cross, ebering_ghost_gozag,
          serial_shops, shop, serial_sigils_hangedman_writhe, st_stairs_5,
          uniq_donald
Vaults:1: nicolae_vaults_ring_of_whatevers, nicolae_vaults_shelves_hall,
          vaults_room_fancy_cross, hangedman_vaults_unwind,
          nicolae_vaults_hallways_thing, v_misc_16, v_misc_24,
          vaults_room_octagon, st_cells, v_misc_28, vaults_dpeg_encased_lava,
          layout_vaults_chaotic_city, serial_glass
Vaults:2: hangedman_vaults_stream, grunt_vaults_bifocal, v_rooms_1,
          vaults_mumra_minichess, nicolae_vaults_mini_display_case, v_misc_3,
          hangedman_vaults_nails, v_alt_pattern_4,
          ontoclasm_vaults_loading_screen, vaults_dpeg_cross,
          nicolae_vaults_back_hallway, ontoclasm_vaults_fault,
          nicolae_vaults_shelves_hall, layout_vaults_maze, uniq_jory
Vaults:3: blue_anna_dwarven_crypt, nicolae_vaults_network_barrier,
          hangedman_vaults_corner_blocks, v_misc_9, ontoclasm_vaults_bender,
          nicolae_vaults_network_s, v_misc_5, dpeg_vaults_monster_box,
          nicolae_vaults_diagonal_hallway_7, v_pattern_5, vaults_room_hallway,
          grunt_vaults_hallway_short, layout_vaults_ring
Vaults:4: hangedman_vaults_slice, ontoclasm_vaults_idyll,
          ontoclasm_vaults_claustrophobia, v_pattern_3, vaults_room_semicircle,
          grunt_vaults_twisty, vaults_room_guarded_vault, hangedman_vaults_maws,
          layout_vaults_quadrants, nicolae_trove_entry_crossroad
Vaults:5: serial_shops
Depths:1: layout_cave_shapes, nicolae_sextant, grunt_hell_entry_dis_grunt,
          abyss_entry_flame_altar, ashenzari_altar_1, uniq_sojobo
Depths:2: wander_protected_by_tso, layout_gridville,
          minmay_misc_feat_secret_circle, pf_vacation_house_of_asmodeus,
          minmay_misc_feat_x, firewood_loft, minmay_staircase_bubble
Depths:3: lemuel_castle_with_subvaults [lemuel_castle_interior_carwin_2],
          layout_long_grid, grunt_hell_horde, chequers_serial_rivers_micro_a,
          pan_entry, hangedman_abyss_or_decor_jellyfish_corner,
          infiniplex_staircase_pool_2
Depths:4: kennysheep_scales, layout_cave_pools, enter_ziggurat_d, serial_shops,
          shop, pf_hell_entry_tar_river, abyss_entry_small_statue_room,
          minmay_misc_feat_columns, st_stairs_5, minmay_misc_feat_more_columns,
          minmay_misc_feat_rugged, uniq_margery, uniq_mara
Depths:5: grunt_zot_entry_gee_three, layout_twisted_cross, lemuel_crystal_altar,
          hell_entry, serial_bayou_shore_b
Zot:1:    hangedman_zot_vaults_quadrants, layout_onion
Zot:2:    layout_gridlike
Zot:3:    layout_basic
Zot:4:    layout_basic
Zot:5:    layout_gridlike

Skill      XL: |  1  2  3  4  5  6  7  8  9 10 11 12 13 14 15 16 17 18 19 20 21 22 23 24 25 |
---------------+----------------------------------------------------------------------------+-----
Axes           | 4 5 6 7 8 9 13 14 15 16 18 19 21 | 21.7
Fighting       | 4 5 6 7 11 12 13 14 15 17 18 19 21 22 23 24 25 26 27 | 27.0
Invocations    | 4 5 6 7 8 9 10 11 12 13 14 15 16 17 18 | 18.9
Armour         | 6 7 9 10 11 13 14 15 16 17 18 19 20 | 20.5
Shields        | 2 7 10 12 14 16 17 19 20 21 22 23 24 25 | 25.0
Dodging        | 5 8 11 13 14 16 17 19 | 19.9
Stealth        | |  1.5

Action                   |  1- 3 |  4- 6 |  7- 9 | 10-12 | 13-15 | 16-18 | 19-21 | 22-24 | 25-27 || total
-------------------------+-------+-------+-------+-------+-------+-------+-------+-------+-------++-------
Melee: Hand axe          |    79 |    31 |       |       |       |       |       |       |       ||   110
       Headbutt          |    11 |    18 |    35 |    99 |   185 |   262 |   298 |   350 |   167 ||  1425
       Battleaxe         |       |    61 |   188 |   374 |       |       |       |       |       ||   623
       Broad axe         |       |       |       |   196 |  1062 |  1167 |  1188 |  1199 |   487 ||  5299
Throw: Throwing net      |       |       |       |       |       |     2 |       |       |       ||     2
Invok: Grow Ballistomyce |       |       |       |     2 |       |       |       |       |       ||     2
       Wall of Briars    |       |       |       |     1 |       |       |       |       |       ||     1
       Grow Oklob        |       |       |       |       |     3 |    12 |     7 |    13 |       ||    35
 Abil: Evoke Invisibilit |       |       |       |       |       |       |       |     1 |       ||     1
Evoke: Wand              |       |       |       |     1 |     4 |     2 |     4 |     3 |     1 ||    15
  Use: Potion            |       |     2 |     2 |     2 |     1 |     8 |     1 |     4 |       ||    20
       Scroll            |       |       |    10 |     9 |    11 |     9 |    14 |    10 |    19 ||    82
 Stab: Sleeping          |     3 |       |       |       |       |       |       |       |       ||     3
       Invisible         |       |       |       |     2 |       |       |       |       |       ||     2
       Petrified         |       |       |       |       |     1 |       |       |       |       ||     1
       Held in net/web   |       |       |       |       |       |     2 |       |       |       ||     2
       Distracted        |       |       |       |       |       |     5 |     3 |     9 |       ||    17
       Confused          |       |       |       |       |       |       |       |       |     1 ||     1
Armor: Robe              |    15 |       |       |       |       |       |       |       |       ||    15
       Ring mail         |       |    21 |    33 |       |       |       |       |       |       ||    54
       Plate armour      |       |       |     8 |   229 |   189 |   255 |   243 |   205 |       ||  1129
       Chain mail        |       |       |       |    52 |   143 |       |       |       |       ||   195
       Skin              |       |       |       |       |       |     6 |       |       |       ||     6
       Gold dragon scale |       |       |       |       |       |       |       |    85 |   186 ||   271
Dodge: Dodged            |    56 |    49 |   109 |   130 |   131 |   135 |   192 |   289 |   142 ||  1233
Block: Other             |     3 |    18 |    51 |    96 |       |       |       |       |       ||   168
       Reflection        |       |       |     1 |     4 |    58 |   141 |   180 |    93 |     8 ||   485
       Tower shield      |       |       |       |   168 |  1001 |  1150 |  1292 |  1370 |   684 ||  5665

Table legend: (Time is in decaauts)
 A = Elapsed time spent in this place.
 B = Non-inter-level travel time spent in this place.
 C = Inter-level travel time spent in this place.
 D = Time resting spent in this place.
 E = Time spent auto-exploring this place.
 F = Levels seen in this place.
 G = Mean time per level.
                   A        B        C        D        E       F      G
               +--------+--------+--------+--------+--------+-----+--------+
         Total |  74970 |  69301 |   5669 |   5139 |  52753 |  53 | 1414.5 |
       Dungeon |  19567 |  17516 |   2051 |   1168 |  13839 |  15 | 1304.5 |
          Lair |   6302 |   5735 |    567 |    226 |   4616 |   6 | 1050.3 |
         Swamp |   5778 |   5593 |    185 |    601 |   4291 |   4 | 1444.5 |
     Snake Pit |   6362 |   6115 |    247 |    590 |   4437 |   4 | 1590.5 |
  Orcish Mines |   2615 |   2276 |    339 |      0 |   1943 |   2 | 1307.5 |
   Elven Halls |   5966 |   5780 |    186 |    401 |   4313 |   3 | 1988.7 |
        Vaults |  11741 |  10548 |   1193 |    876 |   7569 |   5 | 2348.2 |
        Depths |   9677 |   9133 |    544 |   1040 |   6618 |   5 | 1935.4 |
           Zot |   4905 |   4551 |    354 |      0 |   3827 |   5 |  981.0 |
         Abyss |    630 |    630 |      0 |    237 |    186 |   1 |  630.0 |
        Bazaar |    158 |    158 |      0 |      0 |     61 |   1 |  158.0 |
         Trove |     39 |     39 |      0 |      0 |     18 |   1 |   39.0 |
      Ice Cave |   1224 |   1224 |      0 |      0 |   1032 |   1 | 1224.0 |
               +--------+--------+--------+--------+--------+-----+--------+

Top non-repeatable levels by time:
Vaults:4: 3301 daAuts
   Elf:3: 3088 daAuts
 Snake:4: 2909 daAuts
Depths:3: 2251 daAuts
    D:10: 2234 daAuts
Vaults:3: 2229 daAuts
Depths:2: 2196 daAuts
Vaults:1: 2169 daAuts
Depths:5: 2166 daAuts
Vaults:2: 2066 daAuts
 Swamp:4: 1985 daAuts
Vaults:5: 1974 daAuts
   Zot:1: 1894 daAuts
   Orc:2: 1829 daAuts
    D:15: 1790 daAuts
